 Dungeon Crawl Stone Soup version 0.26.1-11-gd32895ea62 (webtiles) character file.

Game seed: 15775151391379741129

192 Zeld the Twirler (level 5, -5/34 HPs)
             Began as an Octopode Gladiator on May 23, 2021.
             Slain by an iguana (7 damage)
             ... on level 5 of the Dungeon.
             The game lasted 00:02:39 (3605 turns).

Zeld the Twirler (Octopode Gladiator)               Turns: 3605, Time: 00:02:40

Health: -5/34      AC:  1    Str: 15    XL:     5   Next: 71%
Magic:  5/5        EV: 14    Int: 10    God:
Gold:   134        SH:  0    Dex: 13    Spells: 4/4 levels left

rFire    . . .     SeeInvis .   a - +0 quarterstaff
rCold    . . .     Faith    .   (shield currently unavailable)
rNeg     . . .     Spirit   .   b - +0 hat
rPois    .         Reflect  .   (no amulet)
rElec    .         Harm     .   (no ring)
rCorr    .         Rampage  .   (no ring)
Will     .....                  (no ring)
Stlth    ++........             (no ring)
HPRegen  0.11/turn              (no ring)
MPRegen  0.09/turn              (no ring)
                                (no ring)
                                (no ring)

@: no status effects
A: almost no armour, stealthy swim, amphibious, 8 rings, constrict 8, camouflage
1, gelatinous body 1
a: no special abilities


You were on level 5 of the Dungeon.
You visited 1 branch of the dungeon, and saw 4 of its levels.

You collected 134 gold pieces.

Inventory:

Hand Weapons
 a - a +0 quarterstaff (weapon)
Missiles
 c - 3 throwing nets (quivered)
 e - 8 curare-tipped darts
 m - 2 datura-tipped darts
 n - 5 boomerangs
Armour
 b - a +0 hat (worn)
Jewellery
 j - an uncursed ring of stealth {unknown}
 o - an uncursed ring of wizardry {unknown}
Scrolls
 d - a scroll of identify {unknown}
 f - 3 scrolls of enchant weapon {unknown}
 h - a scroll of remove curse {unknown}
 i - a scroll of fear {unknown}
 p - a scroll of enchant armour {unknown}
Potions
 g - a potion of flight {unknown}
 k - a potion of curing {unknown}
 l - a potion of heal wounds {unknown}


   Skills:
 - Level 2.0 Fighting
 * Level 6.2 Staves
 - Level 2.0 Throwing
 - Level 3.0 Dodging


You had 4 spell levels left.
You didn't know any spells.
Your spell library was empty.

Dungeon Overview and Level Annotations

Branches:
Dungeon (3/15)

Altars:
Elyvilon
Qazlal
Ru
Zin


Innate Abilities, Weirdness & Mutations

You cannot wear most types of armour.
You are very stealthy in the water. (Stealth+)
You are amphibious.
You can wear up to eight rings at the same time.
You can use your tentacles to constrict eight enemies at once.
Your skin changes colour to match your surroundings (Stealth+).
Your rubbery body absorbs attacks. (AC +1, EV +1)


Message History

The white imp hits you. The white imp freezes you.
You are too injured to fight recklessly!
You barely miss the white imp. You grab the white imp.
You constrict the white imp, but do no damage.
The white imp hits you. The white imp freezes you.
* * * LOW HITPOINT WARNING * * *
You sock the white imp! You squeeze the white imp.
The white imp is severely wounded.
You constrict the white imp. The white imp hits you.
* * * LOW HITPOINT WARNING * * *
The white imp freezes you.
* * * LOW HITPOINT WARNING * * *
Unknown command.
You barely miss the white imp.
The white imp is almost dead.
You constrict the white imp.
You kill the white imp!
The iguana misses you. The iguana bites you!
You die...

.## .. #.###
#...########
##..........#
#####............
.................
.................
......†.@l.......
###..............
.................
#...#>...........
###..#..........#
##.#####.######
#. .# .#


You could see an iguana.

Vanquished Creatures
  A hound (D:5)
  An orc priest (D:3)
  An adder (D:3)
  A white imp (D:5)
  3 oozes (D:1)
  4 worms
  3 dart slugs (D:1)
  2 leopard geckos
  12 orcs (D:3)
  2 giant cockroaches
  4 goblins
  7 hobgoblins
  6 jackals
  6 bats
  5 frilled lizards
  A giant cockroach zombie (D:5)
  6 kobolds
  8 rats
73 creatures vanquished.

Notes
Turn   | Place    | Note
-------+----------+-------------------------------------------
     0 | D:1      | Zeld the Octopode Gladiator began the quest for the Orb.
     0 | D:1      | Reached XP level 1. HP: 14/14 MP: 1/1
   270 | D:1      | Reached XP level 2. HP: 19/19 MP: 2/2
   306 | D:1      | Reached skill level 4 in Staves
   308 | D:1      | Reached XP level 3. HP: 18/24 MP: 3/3
  1524 | D:2      | Reached XP level 4. HP: 29/29 MP: 4/4
  1533 | D:2      | Found a white marble altar of Elyvilon.
  1572 | D:2      | Found a glowing silver altar of Zin.
  1685 | D:2      | Found a stormy altar of Qazlal.
  2186 | D:3      | Reached skill level 5 in Staves
  3204 | D:3      | Reached XP level 5. HP: 27/34 MP: 5/5
  3492 | D:3      | Found a sacrificial altar of Ru.
  3595 | D:3      | You fall into a shaft and drop 2 floors!
  3595 | D:5      | Entered Level 5 of the Dungeon
  3600 | D:5      | Reached skill level 6 in Staves
  3605 | D:5      | Slain by an iguana

Illustrated notes

Levels and vault maps discovered:
D:1:      heliophobic_arrival_enchanted_forest, layout_basic,
          grunt_decor_junction, hangedman_glass_teeth, minmay_vboxes
D:2:      layout_loops_ring, overflow_temple_1_default,
          nicolae_qazlal_eye_of_the_storm, chequers_serial_rivers_small_3,
          elyvilon_altar_3
D:3:      layout_loops_ring, nicolae_ru_awakened_eye,
          kennysheep_decorative_pillar
D:5:      layout_rooms, led_sif_book, minmay_temple_entry_mist,
          lightli_sewer_entry_pipes, uniq_sigmund

Skill      XL: |  1  2  3  4  5 |
---------------+----------------+-----
Staves         | 4 5 6 |  6.2
Fighting       | |  2.0
Throwing       | |  2.0
Dodging        | |  3.0

Action                   |  1- 3 |  4- 6 || total
-------------------------+-------+-------++-------
Melee: Quarterstaff      |    54 |    62 ||   116
       Constrict         |    15 |    15 ||    30
       Tentacles         |    11 |    12 ||    23
 Stab: Sleeping          |    10 |     6 ||    16
       Distracted        |     1 |       ||     1
Armor: Skin              |     1 |       ||     1
Dodge: Dodged            |    34 |    30 ||    64
